 Dungeon Crawl Stone Soup version 0.30-a0-297-g0ec75d9ef4 (webtiles) character file.

Game seed: 274928413475621988

1181 purpskrrrp the Cleaver (level 8, 0/71 HPs)
             Began as a Minotaur Fighter on Oct 18, 2022.
             Was an Initiate of Ashenzari.
             Slain by a gnoll
             ... wielding a +0 spear
             ... led by a gnoll bouda
              (4 damage)
             ... on level 6 of the Dungeon.
             The game lasted 00:08:41 (4371 turns).

purpskrrrp the Cleaver (Minotaur Fighter)           Turns: 4371, Time: 00:08:41

Health: 0/71       AC: 11    Str: 22    XL:     8   Next: 19%
Magic:  7/7        EV:  4    Int:  5    God:    Ashenzari [......]
Gold:   245        SH:  0    Dex: 17    Spells: 7/7 levels left

rFire   . . .      SeeInvis .    a - +0 war axe (drain)
rCold   . . .      Faith    .    n - +0 kite shield
rNeg    . . .      Spirit   .    b - +0 scale mail
rPois   .          Reflect  .    (helmet restricted)
rElec   .          Harm     .    (no cloak)
rCorr   .          Rampage  .    o - +2 pair of gloves of Ashenzari's Irritation {Range, Fort} (curse)
Will    .....                    (no boots)
Stlth   ..........               (no amulet)
HPRegen 0.31/turn                p - ring of flight
MPRegen 0.10/turn                e - +6 ring of dexterity

@: lethally poisoned (0 -> -18), flying, held
A: horns 2, retaliatory headbutt
a: Renounce Religion, Shatter the Chains


You were on level 6 of the Dungeon.
You worshipped Ashenzari.
Ashenzari was noncommittal.
You visited 1 branch of the dungeon, and saw 6 of its levels.

You collected 245 gold pieces.

Inventory:

Hand Weapons
 a - a +0 war axe of draining (weapon)
Missiles
 u - a throwing net (quivered)
Armour
 b - a +0 scale mail (worn)
 c - a +0 buckler
 n - a +0 kite shield (worn)
 o - the cursed +2 pair of gloves of Ashenzari's Irritation (worn) {Range, Fort}
   (You found it on level 2 of the Dungeon)

   It has a curse which improves the following skills: Ranged Combat: Ranged
   Weapons and Throwing.
   Fortitude: Armour and Shields.
Jewellery
 e - a +6 ring of dexterity (right hand)
 m - a ring of resist corrosion
 p - a ring of flight (left hand)
 w - a ring of fire
Wands
 r - a wand of roots (19)
 y - a wand of digging (3)
Scrolls
 d - 3 scrolls of blinking {unknown}
 j - 3 scrolls of poison
 l - 3 scrolls of amnesia
 x - a scroll of teleportation
 z - a scroll of identify
 A - a scroll of fear {unknown}
Potions
 f - 3 potions of mutation
 g - 2 potions of brilliance
 h - 3 potions of degeneration
 i - 3 potions of haste
 k - 2 potions of curing
 q - a potion of cancellation
 s - a potion of attraction {unknown}
 t - 3 potions of resistance {unknown}
 v - 2 potions of heal wounds
 B - a potion of berserk rage {unknown}


   Skills:
 + Level 6.9 Fighting
 * Level 8.6 Axes
 + Level 6.9(7.3) Armour
 - Level 3.6(4.0) Shields


You had 7 spell levels left.
You didn't know any spells.
Your spell library contained the following spells:

 Spells                   Type           Power      Damage    Failure   Level
 Stone Arrow              Conj/Erth      0%         3d7       100%        3
 Animate Armour           Summ/Erth      0%         N/A       100%        4
 Lehudib's Crystal Spear  Conj/Erth      0%         10d2      100%        8


Dungeon Overview and Level Annotations

Branches:
Dungeon (6/15)             Temple (0/1) D:6

Altars:
Ashenzari

Shops:
D:3 [   D:6 :


Innate Abilities, Weirdness & Mutations

You have a pair of horns on your head.
You reflexively headbutt those who attack you in melee.


Message History

You are too injured to fight recklessly!
You are too injured to fight recklessly!
You are too injured to fight recklessly!
You are too injured to fight recklessly!
You are too injured to fight recklessly!
You are too injured to fight recklessly!
You are too injured to fight recklessly!
You are too injured to fight recklessly!
You are too injured to fight recklessly!
You are too injured to fight recklessly!
You are too injured to fight recklessly!
You hit the gnoll bouda but do no damage.
Your headbutt misses the gnoll bouda.
The gnoll bouda is heavily wounded.
You hit the gnoll but do no damage. You drain the gnoll.
You feel extremely sick. The gnoll barely misses you.
You block the gnoll's attack. x2
You block the gnoll bouda's attack.
The gnoll bouda calls upon its god to heal the gnoll.
The gnoll is healed somewhat.
The gnoll hits you from afar with a +0 spear. x2
* * * LOW HITPOINT WARNING * * *
You hit the gnoll bouda. You headbutt the gnoll bouda.
The gnoll bouda is severely wounded.
You hit the gnoll. You drain the gnoll.
* * * LOW HITPOINT WARNING * * *
You feel very sick. The gnoll hits you but does no damage.
You are lethally poisoned!
You block the gnoll's attack.
The gnoll throws a throwing net.
The throwing net hits you.
You become entangled in the net!
The gnoll bouda hits you with a +0 club.
* * * LOW HITPOINT WARNING * * *
You struggle against the net.
* * * LOW HITPOINT WARNING * * *
You feel very sick.
The gnoll hits you with a +1 whip of venom.
* * * LOW HITPOINT WARNING * * *
The gnoll hits you from afar with a +0 spear.
You die...

##..## ##.....## ##..##
#.......# ###..####
##.......# #.......##
#...$....## #........#
..........###........##
.!...g....##.#......(.#
.....g.g..#.##........#
......g@...####.......#
......).>..# #.......#
...........# ##......#
##.........# #......#
##........# ##....##
##.......# ######
###...#.. ######.#


You could see a gnoll bouda (very drained) and 3 gnolls.

Vanquished Creatures
  A water moccasin (D:5)
  An ice beast (D:5)
  2 ogres
  2 phantoms
  A scorpion (D:6)
  A necrophage (D:5)
  A hound (D:5)
  2 orc priests
  Jessica (D:2)
  2 iguanas
  Ijyb (D:4)
  An orc wizard (D:6)
  9 gnolls
  7 adders
  2 ufetubi
  3 worms
  16 dart slugs
  22 orcs
  5 endoplasms
  3 giant cockroaches
  5 goblins
  7 hobgoblins
  6 jackals (D:4)
  4 quokkas
  7 ball pythons
  5 bats
  3 frilled lizards
  5 kobolds
  4 rats
129 creatures vanquished.

Vanquished Creatures (others)
  5 plants (D:3)
5 creatures vanquished.

Grand Total: 134 creatures vanquished

Notes
Turn   | Place    | Note
-------+----------+-------------------------------------------
     0 | D:1      | purpskrrrp the Minotaur Fighter began the quest for the
                  | Orb.
     0 | D:1      | Reached XP level 1. HP: 19/19 MP: 0/0
   103 | D:1      | Reached XP level 2. HP: 26/27 MP: 1/1
   138 | D:1      | Reached skill level 3 in Axes
   611 | D:2      | Found a faded altar of an unknown god.
   690 | D:2      | Noticed Jessica
   693 | D:2      | Killed Jessica
   694 | D:2      | Reached XP level 3. HP: 33/33 MP: 2/2
   830 | D:2      | Reached skill level 4 in Axes
   834 | D:2      | Reached XP level 4. HP: 39/41 MP: 3/3
  1475 | D:2      | Prayed at the altar of an unknown god.
  1475 | D:2      | Became a worshipper of Ashenzari the Shackled
  1547 | D:3      | Reached XP level 5. HP: 29/47 MP: 4/4
  1698 | D:3      | Found Ataop's Antique Armour Boutique.
  1748 | D:3      | Identified the +5 short sword of Terror {vamp, +Blink Str+6
                  | Dex-2}
  1934 | D:3      | Reached skill level 5 in Axes
  2665 | D:4      | Noticed an ogre
  2670 | D:4      | HP: 1/47 [ogre/+0 giant spiked club (15)]
  2674 | D:4      | Killed an ogre
  2675 | D:4      | Reached skill level 5 in Fighting
  2675 | D:4      | Reached skill level 5 in Armour
  2675 | D:4      | Reached XP level 6. HP: 14/56 MP: 5/5
  2983 | D:4      | Noticed Ijyb
  2998 | D:4      | Killed Ijyb
  2999 | D:4      | Reached skill level 6 in Axes
  3248 | D:5      | Entered Level 5 of the Dungeon
  3487 | D:5      | Noticed a water moccasin
  3496 | D:5      | Killed a water moccasin
  3497 | D:5      | Reached XP level 7. HP: 62/62 MP: 6/6
  3648 | D:5      | Reached skill level 7 in Axes
  4072 | D:6      | Found Maoqor's Self-Improvement Boutique.
  4097 | D:6      | Reached skill level 8 in Axes
  4159 | D:6      | Found a staircase to the Ecumenical Temple.
  4164 | D:6      | Identified the +4 shortbow "Yrehill" {flame, rC+}
  4182 | D:6      | Reached XP level 8. HP: 70/71 MP: 7/7
  4371 | D:6      | Slain by a gnoll

Illustrated notes

Levels and vault maps discovered:
D:1:      nzn_arrival_settlement, layout_rooms, hex_tiny
D:2:      layout_loops_corners, chequers_ecumenical_altar_island, uniq_jessica
D:3:      layout_loops_ring, serial_shops, shop, st_stairs_3,
          nicolae_grassy_gnolls
D:4:      layout_cave_pools, uniq_ijyb
D:5:      kennysheep_slugbush, layout_gridville, grunt_ministairs_8,
          minmay_misc_feat_four_crosses
D:6:      layout_cave_pods, minmay_temple_entry_large_hall,
          nicolae_shop_self_help

Skill      XL: |  1  2  3  4  5  6  7 |
---------------+----------------------+-----
Axes           | 3 4 5 6 8 |  8.6
Fighting       | 4 5 6 |  6.9
Armour         | 4 5 6 |  6.9
Shields        | |  3.6

Action                   |  1- 3 |  4- 6 |  7- 9 || total
-------------------------+-------+-------+-------++-------
Melee: War axe           |    47 |   150 |    67 ||   264
       Headbutt          |     6 |    27 |     6 ||    39
Invok: Curse Item        |       |       |     1 ||     1
  Use: Scroll            |       |    13 |       ||    13
       Potion            |       |     2 |     1 ||     3
Armor: Scale mail        |    19 |    84 |    35 ||   138
Dodge: Dodged            |    15 |    52 |    34 ||   101
Block: Buckler           |     4 |     2 |       ||     6
       Kite shield       |       |    75 |    39 ||   114

Table legend: (Time is in decaauts)
 A = Elapsed time spent in this place.
 B = Non-inter-level travel time spent in this place.
 C = Inter-level travel time spent in this place.
 D = Time resting spent in this place.
 E = Time spent auto-exploring this place.
 F = Levels seen in this place.
 G = Mean time per level.
                   A        B        C        D        E       F      G
               +--------+--------+--------+--------+--------+-----+--------+
         Total |   4465 |   4307 |    158 |    354 |   3132 |   6 |  744.2 |
       Dungeon |   4465 |   4307 |    158 |    354 |   3132 |   6 |  744.2 |
               +--------+--------+--------+--------+--------+-----+--------+

Top non-repeatable levels by time:
     D:4: 1037 daAuts
     D:2: 891 daAuts
     D:5: 846 daAuts
     D:3: 756 daAuts
     D:1: 625 daAuts
     D:6: 308 daAuts
